 Dungeon Crawl Stone Soup version 0.29-a0-495-g17b79114eb (webtiles) character file.

Game seed: 2528124375693160608

95 greenreed the Skirmisher (level 4, -1/61 HPs)
             Began as a Hill Orc Monk on May 27, 2022.
             Was a Believer of Beogh.
             Slain by an ice beast (3 damage)
             ... on level 3 of the Dungeon.
             The game lasted 00:06:09 (2086 turns).

greenreed the Skirmisher (Hill Orc Monk)            Turns: 2086, Time: 00:06:09

Health: -1/61      AC: 22    Str: 15    XL:     4   Next: 65%
Magic:  3/4        EV:  2    Int: 10    God:    Beogh [**....]
Gold:   112        SH:  0    Dex: 13    Spells: 1/3 levels left

rFire   . . .      SeeInvis .   a - +0 spear
rCold   + . .      Faith    .   (no shield)
rNeg    . . .      Spirit   .   (body armour currently unavailable)
rPois   +          Reflect  .   (helmet currently unavailable)
rElec   .          Harm     .   (cloak currently unavailable)
rCorr   .          Rampage  .   (gloves currently unavailable)
Will    .....      NoTele   +   (boots currently unavailable)
Stlth   ++........              (no amulet)
HPRegen 0.20/turn               o - ring of protection from cold
MPRegen 0.09/turn               (no ring)

@: tree-form
A: stationary, stasis, torment immunity, boosted hp
a: Renounce Religion, Smiting


You were on level 3 of the Dungeon.
You worshipped Beogh.
Beogh was pleased with you.
You were a tree.
You visited 1 branch of the dungeon, and saw 3 of its levels.

You collected 112 gold pieces.

Inventory:

Hand Weapons
 a - a +0 spear (weapon)
Missiles
 q - 5 poisoned darts (quivered)
Armour
 b - a +0 robe (melded)
 e - a +0 helmet (melded)
Jewellery
 o - a ring of protection from cold (left branch)
Scrolls
 d - a scroll of teleportation {unknown}
 g - a scroll of noise {unknown}
 h - 2 scrolls of enchant weapon {unknown}
 i - a scroll of vulnerability {unknown}
 k - a scroll of blinking {unknown}
 m - 3 scrolls of identify {unknown}
 p - a scroll of fear {unknown}
 r - a scroll of amnesia {unknown}
Potions
 c - a potion of ambrosia
 f - 2 potions of haste {unknown}
 j - a potion of curing {unknown}
 l - a potion of lignification
 s - a potion of mutation {unknown}
 t - a potion of might {unknown}
 u - a potion of resistance
 v - a potion of degeneration {unknown}
 w - a potion of heal wounds {unknown}


   Skills:
 + Level 4.5 Fighting
 + Level 4.0 Polearms
 + Level 3.0 Dodging
 + Level 1.8 Stealth
 * Level 0.3 Spellcasting
 * Level 0.8 Fire Magic


You had one spell level left.
You knew the following spells:

 Your Spells              Type           Power      Damage    Failure   Level
a - Scorch                Fire           2%         2d5       38%         2

Your spell library contained the following spells:

 Spells                   Type           Power      Damage    Failure   Level
 Flame Wave               Conj/Fire      0%         2d4       97%         4
 Summon Cactus Giant      Summ           0%         N/A       100%        6


Dungeon Overview and Level Annotations

Branches:
Dungeon (3/15)

Altars:
Ashenzari
Fedhas

Shops:
D:3 ?==


Message History

Your kobold's corpse dissolves into shadows!
The orc hits you with a +0 hand axe!
* * * LOW HITPOINT WARNING * * *
It was a potion of lignification.
You turn into a tree.
Your +0 helmet melds into your body.
Your +0 robe melds into your body.
Your roots penetrate the ground.
The orc hits you with a +0 hand axe.
* * * LOW HITPOINT WARNING * * *
You hit the orc.
The orc is severely wounded.
The orc hits you but does no damage. The kobold hits you but does no damage.
The orc hits you but does no damage.
You barely miss the orc.
The orc is severely wounded.
The kobold hits you but does no damage. The orc hits you but does no damage.
You hit the orc.
The orc is almost dead.
The orc hits you but does no damage. The kobold hits you but does no damage.
You hit the orc.
The orc is almost dead.
The orc hits you but does no damage. The kobold hits you but does no damage.
The orc hits you but does no damage.
You hit the orc.
You kill the orc!
Beogh accepts your kill.
The kobold hits you with a +0 short sword.
* * * LOW HITPOINT WARNING * * *
You hit the kobold.
The kobold is severely wounded.
The giant cockroach bites you but does no damage.
The kobold hits you but does no damage.
You hit the kobold.
You kill the kobold!
Beogh accepts your kill.
The giant cockroach dissolves into shadows!
The ice beast hits you but does no damage.
You closely miss the ice beast. You hit the ice beast but do no damage.
The ice beast hits you.
* * * LOW HITPOINT WARNING * * *
The ice beast freezes you. You resist.
You die...

# ### #.###### #...##### #
.!∩ #.##...####...# ## #
.... # #.##.8.8.8#...####. #
..... #. #.##..⌠.⌠..........
# . ..K#
#.#....8.∩.8.......<. ...
..###...#..⌠.⌠..........
.....#.#.##.#.8.8.8#...####.
..........))Y.##..##...# #.
#######.###♣..##.###...# #.
### #.#.....##.# #...# ##
..# #.#.....#..###...# #.#
#.......#..†.....# ..Y
#....####.######## .....
......#_'..# ......#
.###...###### .#.....
#...... .###### ##..


You could see an ice beast.

Vanquished Creatures
  Jessica (D:2)
  An adder (D:3)
  3 dart slugs
  2 orcs (D:3)
  6 ball pythons
  3 bats
  2 endoplasms (D:1)
  5 giant cockroaches
  2 goblins (D:1)
  8 hobgoblins
  7 kobolds
  2 quokkas
  4 frilled lizards
  A rat (D:1)
47 creatures vanquished.

Vanquished Creatures (others)
  An endoplasm (D:3)
1 creature vanquished.

Grand Total: 48 creatures vanquished

Notes
Turn   | Place    | Note
-------+----------+-------------------------------------------
     0 | D:1      | greenreed the Hill Orc Monk began the quest for the Orb.
     0 | D:1      | Reached XP level 1. HP: 19/19 MP: 1/1
    85 | D:1      | Reached XP level 2. HP: 27/27 MP: 2/2
   253 | D:1      | Found a faded altar of an unknown god.
   486 | D:1      | Reached XP level 3. HP: 32/33 MP: 3/3
  1108 | D:2      | Found a blossoming altar of Fedhas.
  1254 | D:2      | Learned a level 2 spell: Scorch
  1466 | D:2      | Noticed Jessica
  1471 | D:2      | Killed Jessica
  1472 | D:2      | Reached XP level 4. HP: 41/41 MP: 4/4
  1725 | D:3      | Noticed an ice beast
  1768 | D:3      | Found Bifuhech's Jewellery Emporium.
  1898 | D:3      | Became a worshipper of Beogh the Brigand
  1898 | D:3      | Reached * piety under Beogh
  1898 | D:3      | Reached ** piety under Beogh
  1975 | D:3      | Found Hanal's Jewellery Emporium.
  2045 | D:3      | Found a broken altar of Ashenzari.
  2060 | D:3      | Found Noar's Magic Scroll Boutique.
  2082 | D:3      | HP: 3/61 [kobold/+0 short sword (1)]
  2086 | D:3      | Slain by an ice beast

Illustrated notes

Levels and vault maps discovered:
D:1:      erik_arrival_blinker_ship, layout_basic,
          ebering_ecumenical_altar_mist, minmay_tetromino_t4
D:2:      layout_basic, basic_altar, uniq_jessica
D:3:      layout_loops_cross, ashenzari_conservatory_becter, serial_shops, shop,
          nicolae_shop_stone, nicolae_shop_advertising_works
          [nicolae_subvault_shop_adworks],
          nicolae_shop_temple_entry_statues_fountains

Skill      XL: |  1  2  3  4 |
---------------+-------------+-----
Fighting       | 4 |  4.5
Dodging        | 3 |  3.0
Polearms       | 4 |  4.0
Stealth        | |  1.8
Spellcasting   | |  0.3
Fire Magic     | |  0.8

Action                   |  1- 3 |  4- 6 || total
-------------------------+-------+-------++-------
Melee: Spear             |   132 |    34 ||   166
 Cast: Scorch            |       |     6 ||     6
Invok: Convert to Beogh  |       |     1 ||     1
  Use: Scroll            |       |     1 ||     1
       Potion            |       |     1 ||     1
 Stab: Sleeping          |       |     1 ||     1
Armor: Robe              |    32 |     5 ||    37
       Skin              |       |    13 ||    13
Dodge: Dodged            |    61 |     9 ||    70

Table legend: (Time is in decaauts)
 A = Elapsed time spent in this place.
 B = Non-inter-level travel time spent in this place.
 C = Inter-level travel time spent in this place.
 D = Time resting spent in this place.
 E = Time spent auto-exploring this place.
 F = Levels seen in this place.
 G = Mean time per level.
                   A        B        C        D        E       F      G
               +--------+--------+--------+--------+--------+-----+--------+
         Total |   2072 |   1992 |     80 |      0 |   1617 |   3 |  690.7 |
       Dungeon |   2072 |   1992 |     80 |      0 |   1617 |   3 |  690.7 |
               +--------+--------+--------+--------+--------+-----+--------+

Top non-repeatable levels by time:
     D:1: 987 daAuts
     D:2: 549 daAuts
     D:3: 535 daAuts
